 Dungeon Crawl Stone Soup version 0.19.5 (webtiles) character file.

62624 sveltemanboy the Bludgeoner (level 14, -8/95 HPs)
             Began as a Demonspawn Monk on Apr 6, 2017.
             Was a High Priest of Okawaru.
             Engulfed by a cloud of freezing vapour (18 damage)
             ... in an ice cave on Apr 13, 2017.
             The game lasted 00:36:16 (12409 turns).

sveltemanboy the Bludgeoner (Demonspawn Monk)      Turns: 12409, Time: 00:36:17

Health: -8/95      AC: 17    Str: 16    XL:     14   Next: 65%
Magic:  0/20       EV: 13    Int: 11    God:    Okawaru [*****.]
Gold:   591        SH:  7    Dex: 17    Spells: 0 memorised, 15 levels left

rFire  . . .     SeeInvis +     r - +2 flail (crush)
rCold  . . .     Gourm    .     O - +0 mottled dragon scales
rNeg   + . .     Faith    .     P - +2 buckler
rPois  .         Spirit   +     G - +1 hat {SInv}
rElec  .         Reflect  .     t - +2 cloak
rCorr  .         Harm     .     N - +2 pair of gloves {archery}
MR     +....     Rnd*Tele +     (no boots)
Stlth  ++........               K - amulet of regeneration
                                (no ring)
                                (no ring)

@: studying Charms
A: horns 2, slimy green scales 2, demonic guardian 1, negative energy resistance
1, teleportitis 1, magic shield, magic regeneration
a: Heroism, Finesse, Renounce Religion


You were in an ice cave.
You worshipped Okawaru.
Okawaru was extremely pleased with you.
You were not hungry.

You visited 2 branches of the dungeon, and saw 13 of its levels.
You also visited: Ice Cave.

You collected 663 gold pieces.
You spent 72 gold pieces at shops.

Inventory:

Hand Weapons
 r - a +2 flail of crushing (weapon)
Armour
 t - a +2 cloak (worn)
 G - a +1 hat of see invisible (worn)
 N - a +2 pair of gloves of archery (worn)
 O - +0 mottled dragon scales (worn)
 P - a +2 buckler (worn)
Jewellery
 K - an amulet of regeneration (around neck)
Wands
 g - a wand of flame (21/48)
 o - a wand of acid (0/15)
 v - a wand of enslavement (0/24)
 B - a wand of iceblast (5/15)
 D - a wand of paralysis (19/24)
Scrolls
 a - 2 scrolls of blinking
 e - a scroll of immolation {unknown}
 f - 5 scrolls of remove curse
 h - 2 scrolls of enchant armour
 i - 8 scrolls of fog
 j - 3 scrolls of fear
 k - 10 scrolls of identify
 y - a scroll of summoning
Potions
 b - 2 potions of might
 d - a potion of berserk rage
 l - 2 potions of heal wounds
 p - 3 potions of curing
 z - a potion of flight
 A - 2 potions of invisibility
 I - a potion of ambrosia
 J - a potion of agility
Books
 M - a manual of Charms
Miscellaneous
 L - a fan of gales
Comestibles
 c - 9 bread rations
 x - 7 meat rations
 E - 3 slices of pizza
 F - 4 beef jerkies


   Skills:
 - Level 4.0 Fighting
 - Level 17.0 Maces & Flails
   Level 2.6 Polearms
 * Level 3.1 Armour
 * Level 3.8 Dodging
 - Level 1.7 Stealth
 - Level 4.4 Shields
 - Level 1.0 Spellcasting
 + Level 2.1 Charms
 - Level 5.0 Invocations
 - Level 8.2 Evocations


You had 15 spell levels left.
You didn't know any spells.

Dungeon Overview and Level Annotations

Branches:
Dungeon (12/15)            Temple (0/1) D:6            Lair (1/6) D:11
    Orc (0/2) D:10

Altars:
Elyvilon
Fedhas
Gozag
Nemelex Xobeh
Okawaru
Qazlal
Trog
Vehumet

Shops:
D:9 !

Annotations:
IceCv exclusion: ice statue


Innate Abilities, Weirdness & Mutations

You have a pair of horns on your head.
You are mostly covered in slimy green scales. (AC +3)
A weak demonic guardian rushes to your aid.
You resist negative energy. (rN+)
When hurt, damage is shared between your health and your magic reserves.
You regenerate magic rapidly.
You are occasionally teleported next to monsters.


Message History

The ice devil hits you but does no damage.
You thump the ice devil!
You kill the ice devil!
Okawaru accepts your kill.
No target in view!
You start resting.
Magic restored.
Partly explored, can't reach some places.
You are engulfed in freezing vapours.
You are engulfed in freezing vapours.
You are engulfed in freezing vapours.
You are engulfed in freezing vapours.
* * * LOW HITPOINT WARNING * * *
You are engulfed in freezing vapours.
* * * LOW HITPOINT WARNING * * *
You start resting.
You are engulfed in freezing vapours.
* * * LOW HITPOINT WARNING * * *
You are engulfed in freezing vapours.
You die...

.## ...####
..#.§###
###.§§§§##
....§§§§§## ##
##..§§§@§# #..
##§§§§§§§##
§.§§ #§§§§§§§##
#§§####.§§§§§##
.##.§§..§§.§###
§.§§.§§..§###
##§§§§...##
######...### #
###...##


There were no monsters in sight!

Vanquished Creatures
  A centaur warrior (D:9)
  Erica (D:10)
  Sonja (D:10)
  Pikel (D:6)
  A hill giant (D:10)
  An oklob plant (D:11)
  An orc sorcerer (D:10)
  A manticore (D:9)
  2 spiny frogs (Lair:1)
  A gargoyle (D:11)
  4 orc warriors
  2 trolls (D:9)
  4 ice devils (IceCv)
  Sigmund (D:3)
  A hippogriff (D:9)
  A shadow (D:11)
  A wyvern (D:10)
  Eustachio (D:6)
  A yak (D:8)
  2 hungry ghosts
  A steam dragon (D:9)
  2 mottled dragons
  A porcupine (Lair:1)
  14 ice beasts
  A sky beast (D:6)
  2 slaves (D:6)
  2 phantoms
  A necrophage (D:7)
  4 centaurs
  A crocodile (D:9)
  12 ogres
  A wolf (D:8)
  A big kobold (D:7)
  7 bullfrogs
  An elf zombie (D:7)
  2 elf skeletons (D:7)
  A troll zombie (D:10)
  4 scorpions
  2 wights (D:6)
  2 howler monkeys
  An electric eel (D:8)
  2 crimson imps
  3 bullfrog zombies
  2 human zombies (D:7)
  6 orc priests
  4 hounds
  3 centaur skeletons
  Jessica (D:3)
  A bullfrog skeleton (D:5)
  An iguana (D:9)
  6 worker ants
  A human skeleton (D:7)
  5 orc wizards
  5 ogre zombies (D:10)
  A bullfrog simulacrum (D:8)
  3 hound zombies
  A hound skeleton (D:7)
  A howler monkey zombie (D:6)
  A worker ant zombie (D:5)
  12 gnolls
  11 adders
  A shadow imp (D:6)
  9 white imps
  5 ufetubi (IceCv)
  An ooze (D:2)
  An adder zombie (D:6)
  An adder skeleton (D:5)
  4 dart slugs
  An adder simulacrum (D:8)
  4 leopard geckos
  33 orcs
  4 giant cockroaches
  4 goblins
  6 hobgoblins
  14 jackals
  12 kobolds
  3 quokkas
  3 ball pythons
  6 bats
  A frilled lizard (D:1)
  A goblin skeleton (D:10)
  2 goblin zombies (D:10)
  5 hobgoblin zombies (D:10)
  A jackal zombie (D:7)
  2 orc skeletons (D:10)
  9 orc zombies (D:10)
  8 rats
  2 plants (D:11)
305 creatures vanquished.

Vanquished Creatures (collateral kills)
  2 hippogriffs
  A hungry ghost (D:10)
  A sky beast (D:10)
  A bullfrog (D:11)
  A wight (D:6)
  An electric eel (D:8)
  A hound (D:5)
  An orc priest (D:7)
  A bullfrog skeleton (D:9)
  3 gnolls
  A hound simulacrum (D:9)
  A white imp (IceCv)
  6 orcs
  A quokka (D:9)
  2 kobolds (D:7)
24 creatures vanquished.

Vanquished Creatures (others)
  A wight (D:6)
  A crimson imp (D:6)
  An orc priest (D:7)
  3 white imps (IceCv)
  3 ufetubi (IceCv)
  A leopard gecko (D:6)
  3 giant cockroaches (D:6)
13 creatures vanquished.

Grand Total: 342 creatures vanquished

Notes
Turn   | Place    | Note
-------+----------+-------------------------------------------
     0 | D:1      | sveltemanboy the Demonspawn Monk began the quest for the Orb.
     0 | D:1      | Reached XP level 1. HP: 18/18 MP: 1/1
   485 | D:1      | Reached skill level 1 in Armour
   507 | D:1      | Gained mutation: A weak demonic guardian rushes to your aid. [demonic ancestry]
   507 | D:1      | Reached XP level 2. HP: 24/24 MP: 2/2
  1008 | D:2      | Gained mutation: You are partially covered in slimy green scales. (AC +2) [demonic ancestry]
  1008 | D:2      | Reached XP level 3. HP: 29/29 MP: 3/3
  1651 | D:2      | Gained mutation: You have a pair of small horns on your head. [demonic ancestry]
  1651 | D:2      | Reached XP level 4. HP: 32/37 MP: 4/4
  1905 | D:2      | Found an iron altar of Okawaru.
  2047 | D:2      | Became a worshipper of Warmaster Okawaru
  2047 | D:2      | Reached * piety under Okawaru
  2047 | D:2      | Reached ** piety under Okawaru
  2273 | D:3      | Found an iron altar of Okawaru.
  2275 | D:3      | Found a blossoming altar of Fedhas.
  2279 | D:3      | Noticed Jessica
  2294 | D:3      | Killed Jessica
  2294 | D:3      | Reached skill level 1 in Invocations
  2350 | D:3      | Gained mutation: You have a pair of horns on your head. [demonic ancestry]
  2350 | D:3      | Reached XP level 5. HP: 37/42 MP: 6/6
  2498 | D:3      | Found a stormy altar of Qazlal.
  2572 | D:3      | Noticed Sigmund
  2595 | D:3      | Killed Sigmund
  2595 | D:3      | Reached skill level 1 in Maces & Flails
  2595 | D:3      | Gained mutation: When hurt, damage is shared between your health and your magic reserves. [demonic ancestry]
  2595 | D:3      | Reached XP level 6. HP: 31/48 MP: 6/8
  2906 | D:3      | Reached skill level 2 in Maces & Flails
  3342 | D:4      | Reached skill level 3 in Maces & Flails
  3582 | D:4      | Reached *** piety under Okawaru
  3627 | D:4      | Gained mutation: You are mostly covered in slimy green scales. (AC +3) [demonic ancestry]
  3627 | D:4      | Reached XP level 7. HP: 54/54 MP: 9/9
  3721 | D:5      | Entered Level 5 of the Dungeon
  3749 | D:5      | Reached skill level 4 in Maces & Flails
  3879 | D:5      | Reached skill level 1 in Evocations
  4002 | D:5      | Reached skill level 5 in Maces & Flails
  4541 | D:5      | Reached **** piety under Okawaru
  4609 | D:5      | Reached XP level 8. HP: 59/60 MP: 10/10
  4723 | D:6      | Found an opulent altar of Gozag.
  4724 | D:6      | Reached skill level 6 in Maces & Flails
  4735 | D:6      | Noticed Eustachio
  4756 | D:6      | Killed Eustachio
  4826 | D:6      | Gained mutation: You are clumsy. (Dex -2) [mutagenic meat]
  4828 | D:6      | Gained mutation: You are occasionally teleported next to monsters. [mutagenic meat]
  4829 | D:6      | Gained mutation: Your mind is acute. (Int +2) [mutagenic meat]
  4830 | D:6      | Gained mutation: You evolve. [mutagenic meat]
  4942 | D:6      | Reached skill level 7 in Maces & Flails
  4995 | D:6      | Found a staircase to the Ecumenical Temple.
  5004 | D:6      | Found a sparkling altar of Nemelex Xobeh.
  5214 | D:6      | Gained mutation: Your system is resistant to poisons. (rPois) [evolution]
  5259 | D:6      | Noticed Pikel
  5288 | D:6      | Killed Pikel
  5288 | D:6      | Reached skill level 8 in Maces & Flails
  5288 | D:6      | Gained mutation: You regenerate magic rapidly. [demonic ancestry]
  5288 | D:6      | Reached XP level 9. HP: 29/65 MP: 9/12
  5738 | D:7      | Reached skill level 5 in Evocations
  5744 | D:7      | Reached ***** piety under Okawaru
  5964 | D:7      | Found a radiant altar of Vehumet.
  6394 | D:7      | Reached skill level 9 in Maces & Flails
  6595 | D:7      | Received a gift from Okawaru
  6774 | D:7      | Found a bloodstained altar of Trog.
  7053 | D:8      | Gained mutation: You have a beak for a mouth. [evolution]
  7081 | D:8      | Found a white marble altar of Elyvilon.
  7214 | D:8      | Reached skill level 10 in Maces & Flails
  7815 | D:8      | Reached XP level 10. HP: 71/71 MP: 15/15
  8471 | D:9      | Noticed a manticore
  8488 | D:9      | Killed a manticore
  8524 | D:9      | Noticed a centaur warrior
  8524 | D:9      | Noticed a manticore
  8834 | D:9      | Reached skill level 11 in Maces & Flails
  8852 | D:9      | Lost mutation: You evolve. [evolution]
  9118 | D:9      | Found Naukhlooj's Distillery.
  9131 | D:9      | Bought a potion of mutation for 30 gold pieces
  9131 | D:9      | Bought a potion of mutation for 30 gold pieces
  9131 | D:9      | Bought a potion of degeneration for 12 gold pieces
  9132 | D:9      | Gained mutation: Your magical capacity is low. (-10% MP) [potion of mutation]
  9133 | D:9      | Lost mutation: You are clumsy. (Dex -2) [potion of mutation]
  9133 | D:9      | Lost mutation: Your magical capacity is low. (-10% MP) [potion of mutation]
  9133 | D:9      | Gained mutation: Scrolls take you a little longer to read. [potion of mutation]
  9196 | D:9      | Killed a centaur warrior
  9484 | D:9      | Received a gift from Okawaru
  9525 | D:10     | Entered Level 10 of the Dungeon
  9568 | D:10     | Found a staircase to the Orcish Mines.
  9664 | D:10     | Noticed Sonja
  9673 | D:10     | Killed Sonja
  9673 | D:10     | Reached ****** piety under Okawaru
  9673 | D:10     | Reached skill level 12 in Maces & Flails
  9673 | D:10     | Reached XP level 11. HP: 77/77 MP: 17/17
  9773 | D:10     | Noticed an orc sorcerer
  9778 | D:10     | Killed an orc sorcerer
  9778 | D:10     | Reached skill level 5 in Invocations
  9934 | D:10     | Noticed Erica
  9945 | D:10     | Killed Erica
  9945 | D:10     | Reached skill level 1 in Shields
  9989 | D:10     | Noticed a hill giant
 10040 | D:10     | Killed a hill giant
 10603 | D:11     | Found a staircase to the Lair.
 10607 | D:11     | Noticed an oklob plant
 11178 | D:11     | Reached skill level 13 in Maces & Flails
 11659 | D:11     | Killed an oklob plant
 11710 | D:12     | Noticed a hill giant
 11752 | D:11     | Reached skill level 14 in Maces & Flails
 11752 | D:11     | Gained mutation: You resist negative energy. (rN+) [demonic ancestry]
 11752 | D:11     | Reached XP level 12. HP: 83/83 MP: 18/18
 11753 | D:11     | Reached skill level 16 in Maces & Flails
 11753 | D:11     | Reached XP level 13. HP: 88/88 MP: 19/19
 11754 | D:11     | Reached skill level 17 in Maces & Flails
 11754 | D:11     | Reached XP level 14. HP: 95/95 MP: 20/20
 11755 | D:11     | Lost mutation: Scrolls take you a little longer to read. [potion of cure mutation]
 11755 | D:11     | Lost mutation: Your system is resistant to poisons. (rPois) [potion of cure mutation]
 11755 | D:11     | Lost mutation: You have a beak for a mouth. [potion of cure mutation]
 11755 | D:11     | Lost mutation: Your mind is acute. (Int +2) [potion of cure mutation]
 11775 | Lair:1   | Entered Level 1 of the Lair of Beasts
 11803 | Lair:1   | Found a frozen archway.
 11904 | IceCv    | Entered an ice cave
 12044 | IceCv    | Reached skill level 1 in Charms
 12282 | IceCv    | Reached skill level 1 in Spellcasting
 12409 | IceCv    | Engulfed by a cloud of freezing vapour

Skill      XL: |  1  2  3  4  5  6  7  8  9 10 11 12 13 14 |
---------------+-------------------------------------------+-----
Armour         | 1 2 3 |  3.1
Dodging        | 3 |  3.8
Fighting       | 4 |  4.0
Invocations    | 1 2 3 4 5 |  5.0
Maces & Flails | 1 3 5 8 10 12 14 16 17 | 17.0
Evocations     | 2 4 6 8 |  8.2
Shields        | 3 4 |  4.4
Charms         | 2 |  2.1
Spellcasting   | 1 |  1.0
Polearms       | |  2.6
Stealth        | |  1.7

Action                   |  1- 3 |  4- 6 |  7- 9 | 10-12 | 13-15 || total
-------------------------+-------+-------+-------+-------+-------++-------
Melee: Spear             |   106 |       |       |       |       ||   106
       Short sword       |    13 |    65 |       |       |       ||    78
       Headbutt          |       |    19 |    81 |    95 |    31 ||   226
       Flail             |       |    62 |   437 |   444 |   141 ||  1084
       Peck              |       |       |     6 |    98 |       ||   104
Evoke: Wand              |       |       |    12 |     8 |       ||    20
  Use: Scroll            |     2 |       |       |    13 |       ||    15
       Potion            |       |       |       |    11 |     2 ||    13
 Stab: Sleeping          |     7 |     2 |       |     2 |     2 ||    13
       Distracted        |       |       |     2 |     2 |       ||     4
       Paralysed         |       |       |     4 |     3 |       ||     7
  Eat: Chunk             |     2 |     7 |    20 |    14 |       ||    43
       Fruit             |       |       |     1 |       |     3 ||     4
       Royal jelly       |       |       |       |       |     1 ||     1
Armor: Robe              |     4 |       |       |       |       ||     4
       Leather armour    |    11 |    10 |       |       |       ||    21
       Scale mail        |       |    36 |   158 |    95 |       ||   289
       Mottled dragon sc |       |       |       |    80 |    42 ||   122
Dodge: Dodged            |    72 |    69 |   202 |   193 |    56 ||   592
Block: Other             |       |       |    12 |       |       ||    12
       Buckler           |       |       |       |       |    25 ||    25
